Senators vs Hurricanes

Created - November 7 2010 at 14:13

Goals
1 2 3 T
Senators 3 0 1 4
Hurricanes 1 0 1 2
Shots
1 2 3 T
Senators 12 19 10 41
Hurricanes 16 2 8 26

Period #1

1. Senators , Curtis Glencross 1 (David Steckel) at 2:35 (SH)
2. Hurricanes , Andy Greene 4 (Derick Brassard, Erik Cole) at 2:49 (PP)
3. Senators , Tobias Enstrom 1 (Chris Stewart, Sidney Crosby) at 3:18 (PP)
4. Senators , Curtis Glencross 2 (David Steckel, Karlis Skrastins) at 7:20

Penalties :
Anton Volchenkov (OTT) for Roughing (Minor) at 2:22, Jarome Iginla (CAR) for Roughing (Minor) at 3:02, Ryan Wilson (CAR) for Interference (Minor) at 4:51, Rick Nash (OTT) for High sticking (Minor) at 8:15, Karlis Skrastins (OTT) for Boarding (Minor) at 12:59, James Neal (OTT) for Hooking (Minor) at 17:47

Period #2

No Goal

Penalties :
Jamie Benn (CAR) for Tripping (Minor) at 2:59, Brett Carson (CAR) for Holding (Minor) at 6:18

Period #3

5. Hurricanes , Pierre-Marc Bouchard 3 (Eric Staal, Jarome Iginla) at 3:15 (PP)
6. Senators , Chris Stewart 6 (Sidney Crosby, Filip Kuba) at 5:57 (PP)

Penalties :
Milan Michalek (OTT) for Hooking (Minor) at 2:50, Jarome Iginla (CAR) for Boarding (Minor) at 5:04, Jay Bouwmeester (OTT) for Interference (Minor) at 7:53, Erik Cole (CAR) for Holding (Minor) at 16:06

Goalie Stats

Niklas Backstrom (OTT), 24 saves from 26 shots - (0.923), W, 7-6-1, 60:00 minutes
Pascal Leclaire (CAR), 37 saves from 41 shots - (0.902), L, 5-8-1, 60:00 minutes

Players Stats

Senators
Player Name              G  A  P  +/- PIM S  H  SB FO    MP 
------------------------------------------------------------
Anton Volchenkov         0  0  0   0  2   4  1  3  0/0   21 
Chris Kelly              0  0  0   0  0   1  0  1  3/15  12 
Chris Stewart            1  1  2   0  0   3  2  0  2/2   17 
Curtis Glencross         2  0  2   2  0   7  0  1  2/3   15 
Daniel Carcillo          0  0  0   0  0   2  2  0  0/0   6  
David Steckel            0  2  2   2  0   2  1  2  16/23 14 
Devin Setoguchi          0  0  0   1  0   1  2  0  0/1   11 
Filip Kuba               0  1  1   0  0   1  3  0  0/0   19 
James Neal               0  0  0   0  2   2  3  0  2/2   17 
Jason Spezza             0  0  0   0  0   1  0  1  16/27 17 
Jay Bouwmeester          0  0  0   0  2   1  1  2  0/0   21 
Karlis Skrastins         0  1  1   2  2   2  3  1  0/0   19 
Kurt Sauer               0  0  0   2  0   0  0  0  0/0   17 
Milan Michalek           0  0  0   0  2   1  3  0  1/1   17 
Patrick Dwyer            0  0  0   0  0   1  0  0  0/0   10 
Rick Nash                0  0  0   0  2   5  3  0  1/1   17 
Sidney Crosby            0  2  2   0  0   6  0  0  9/21  18 
Tobias Enstrom           1  0  1   0  0   1  1  1  0/0   22 
Hurricanes
Player Name              G  A  P  +/- PIM S  H  SB FO    MP 
------------------------------------------------------------
Andy Greene              1  0  1  -1  0   4  1  1  0/0   22 
Brent Sopel              0  0  0  -1  0   0  0  4  0/0   21 
Brett Carson             0  0  0  -1  2   0  4  0  0/0   19 
Derick Brassard          0  1  1   0  0   2  0  1  14/28 18 
Eric Belanger            0  0  0   0  0   2  0  0  12/24 17 
Eric Staal               0  1  1  -2  0   3  1  1  10/29 21 
Erik Cole                0  1  1  -1  2   2  2  0  3/5   19 
Jamie Benn               0  0  0  -1  2   0  3  0  0/0   19 
Jarome Iginla            0  1  1  -1  4   3  1  0  0/0   22 
Jed Ortmeyer             0  0  0   0  0   1  0  0  1/1   13 
Jere Lehtinen            0  0  0   0  0   2  0  0  1/3   18 
Johnny Oduya             0  0  0   0  0   2  1  1  0/0   19 
Mathieu Roy              0  0  0   0  0   1  0  1  0/0   16 
Mathieu Schneider        0  0  0   0  0   0  0  0  0/0   1  
Mikhail Grabovski        0  0  0   0  0   0  0  0  2/4   5  
Pierre-Marc Bouchard     1  0  1  -1  0   2  0  0  1/2   20 
Ryan Wilson              0  0  0  -1  2   2  3  0  0/0   19 
Scott Walker             0  0  0   0  0   0  0  0  0/0   2  

3 Stars

1 - Curtis Glencross (OTT)
2 - Chris Stewart (OTT)
3 - David Steckel (OTT)

Power Play

Senators - 2 on 6 Attempt(s) - 33.33%
Hurricanes - 2 on 6 Attempt(s) - 33.33%

Penalty Kill

Senators - 4 on 6 Attempt(s) - 66.67% - Score 1 goal in Penalty Kill
Hurricanes - 4 on 6 Attempt(s) - 66.67% - Score 0 goal in Penalty Kill

Game Notes

No Game Note

Finance

Level 1 -- Attendance: 6000 (100.00%) -- Ticket Income $540,000.00
Level 2 -- Attendance: 4605 (92.10%) -- Ticket Income $253,275.00
Level 3 -- Attendance: 2921 (83.46%) -- Ticket Income $102,235.00
Level 4 -- Attendance: 2636 (81.61%) -- Ticket Income $50,084.00
Luxury Box -- Attendance: 903 (90.30%) -- Ticket Income $167,055.00
Game was played at the RBC Center
Total Attendance: 17065 (91.11%)
Total Ticket Income: $1,205,494.00
Other Income: $205,329.30
Total Income: $1,410,823.00


Play by Play

Period #1

0:01 of 1st period - Derick Brassard wins face-off versus Sidney Crosby in neutral zone.
0:09 of 1st period - Sidney Crosby is hit by Brett Carson and loses puck.
0:15 of 1st period - Chris Stewart is hit by Brett Carson and loses puck.
0:31 of 1st period - Shot by Pierre-Marc Bouchard.
0:31 of 1st period - Stopped by Niklas Backstrom without a rebound.
0:32 of 1st period - Jason Spezza wins face-off versus Eric Staal in Senators zone.
0:32 of 1st period - Jason Spezza is hit by Jamie Benn.
0:40 of 1st period - Shot by Eric Staal.
0:40 of 1st period - Stopped by Niklas Backstrom without a rebound.
0:41 of 1st period - Eric Belanger wins face-off versus David Steckel in Senators zone.
0:46 of 1st period - Shot by Jed Ortmeyer.
0:46 of 1st period - Shot Misses the Net.
0:50 of 1st period - Shot by Jed Ortmeyer.
0:50 of 1st period - Shot Blocked by David Steckel.
0:52 of 1st period - Shot by Eric Belanger.
0:52 of 1st period - Shot Blocked by Karlis Skrastins.
0:54 of 1st period - Shot by Jere Lehtinen.
0:54 of 1st period - Shot Misses the Net.
0:56 of 1st period - Shot by Eric Belanger.
0:56 of 1st period - Stopped by Niklas Backstrom without a rebound.
0:57 of 1st period - Milan Michalek wins face-off versus Eric Staal in Senators zone.
1:46 of 1st period - Icing by Jay Bouwmeester.
1:47 of 1st period - Jason Spezza wins face-off versus Derick Brassard in Senators zone.
1:53 of 1st period - Icing by Jay Bouwmeester.
1:54 of 1st period - Eric Belanger wins face-off versus Jason Spezza in Senators zone.
2:08 of 1st period - Eric Belanger is hit by Anton Volchenkov and loses puck.
2:22 of 1st period - Minor Penalty to Anton Volchenkov for Roughing.
2:23 of 1st period - David Steckel wins face-off versus Eric Staal in Senators zone.
2:23 of 1st period - David Steckel is hit by Eric Staal.
2:32 of 1st period - Icing by Brett Carson.
2:33 of 1st period - David Steckel wins face-off versus Eric Staal in Hurricanes zone.
2:33 of 1st period - David Steckel is hit by Brett Carson.
2:35 of 1st period - Shot by Curtis Glencross.
2:35 of 1st period - Goal by Curtis Glencross - Senators : 1 - Hurricanes : 0.
2:36 of 1st period - David Steckel wins face-off versus Derick Brassard in neutral zone.
2:47 of 1st period - Shot by Derick Brassard.
2:47 of 1st period - Shot Blocked by Jay Bouwmeester.
2:49 of 1st period - Shot by Andy Greene.
2:49 of 1st period - Goal by Andy Greene - Senators : 1 - Hurricanes : 1.
2:50 of 1st period - Mikhail Grabovski wins face-off versus Sidney Crosby in neutral zone.
3:02 of 1st period - Minor Penalty to Jarome Iginla for Roughing.
3:03 of 1st period - Sidney Crosby wins face-off versus Eric Belanger in Hurricanes zone.
3:10 of 1st period - Shot by Chris Stewart.
3:10 of 1st period - Shot Misses the Net.
3:12 of 1st period - Shot by Filip Kuba.
3:12 of 1st period - Shot Blocked by Johnny Oduya.
3:14 of 1st period - Shot by Sidney Crosby.
3:14 of 1st period - Shot Misses the Net.
3:16 of 1st period - Shot by Chris Stewart.
3:16 of 1st period - Shot Misses the Net.
3:18 of 1st period - Shot by Tobias Enstrom.
3:18 of 1st period - Goal by Tobias Enstrom - Senators : 2 - Hurricanes : 1.
3:19 of 1st period - Eric Staal wins face-off versus David Steckel in neutral zone.
3:34 of 1st period - Icing by Eric Staal.
3:35 of 1st period - Jason Spezza wins face-off versus Eric Staal in Hurricanes zone.
3:50 of 1st period - Shot by Eric Staal.
3:50 of 1st period - Stopped by Niklas Backstrom without a rebound.
3:51 of 1st period - Jed Ortmeyer wins face-off versus Sidney Crosby in Senators zone.
3:54 of 1st period - Shot by Eric Belanger.
3:54 of 1st period - Stopped by Niklas Backstrom without a rebound.
3:55 of 1st period - David Steckel wins face-off versus Derick Brassard in Senators zone.
4:02 of 1st period - Shot by Devin Setoguchi.
4:02 of 1st period - Stopped by Pascal Leclaire without a rebound.
4:03 of 1st period - Sidney Crosby wins face-off versus Eric Belanger in Hurricanes zone.
4:11 of 1st period - Icing by Johnny Oduya.
4:12 of 1st period - David Steckel wins face-off versus Eric Belanger in Hurricanes zone.
4:30 of 1st period - Shot by Mathieu Roy.
4:30 of 1st period - Stopped by Niklas Backstrom without a rebound.
4:31 of 1st period - Sidney Crosby wins face-off versus Derick Brassard in Senators zone.
4:38 of 1st period - Shot by James Neal.
4:38 of 1st period - Shot Blocked by Brent Sopel.
4:40 of 1st period - Shot by Tobias Enstrom.
4:40 of 1st period - Shot Blocked by Brent Sopel.
4:42 of 1st period - Shot by Anton Volchenkov.
4:42 of 1st period - Stopped by Pascal Leclaire with a rebound.
4:44 of 1st period - Shot by Anton Volchenkov.
4:44 of 1st period - Stopped by Pascal Leclaire with a rebound.
4:46 of 1st period - Shot by Anton Volchenkov.
4:46 of 1st period - Deflect By James Neal.
4:46 of 1st period - Stopped by Pascal Leclaire without a rebound.
4:47 of 1st period - Jason Spezza wins face-off versus Eric Staal in Hurricanes zone.
4:51 of 1st period - Minor Penalty to Ryan Wilson for Interference.
4:52 of 1st period - Eric Belanger wins face-off versus Jason Spezza in Hurricanes zone.
5:14 of 1st period - Icing by Rick Nash.
5:15 of 1st period - Eric Belanger wins face-off versus Jason Spezza in Senators zone.
5:25 of 1st period - Icing by Anton Volchenkov.
5:26 of 1st period - Eric Belanger wins face-off versus Jason Spezza in Senators zone.
5:27 of 1st period - Shot by Jere Lehtinen.
5:27 of 1st period - Shot Misses the Net.
5:35 of 1st period - Shot by Jere Lehtinen.
5:35 of 1st period - Stopped by Niklas Backstrom with a rebound.
5:37 of 1st period - Shot by Eric Belanger.
5:37 of 1st period - Deflect By Jere Lehtinen.
5:37 of 1st period - Shot Blocked by Anton Volchenkov.
5:39 of 1st period - Shot by Johnny Oduya.
5:39 of 1st period - Stopped by Niklas Backstrom without a rebound.
5:40 of 1st period - Chris Stewart wins face-off versus Eric Staal in Senators zone.
6:13 of 1st period - Icing by Filip Kuba.
6:14 of 1st period - Erik Cole wins face-off versus Sidney Crosby in Senators zone.
6:54 of 1st period - Icing by Andy Greene.
6:55 of 1st period - Eric Staal wins face-off versus David Steckel in Hurricanes zone.
7:10 of 1st period - Shot by Devin Setoguchi.
7:10 of 1st period - Shot Misses the Net.
7:14 of 1st period - Shot by Karlis Skrastins.
7:14 of 1st period - Stopped by Pascal Leclaire with a rebound.
7:16 of 1st period - Shot by David Steckel.
7:16 of 1st period - Stopped by Pascal Leclaire with a rebound.
7:18 of 1st period - Shot by David Steckel.
7:18 of 1st period - Deflect By Curtis Glencross.
7:18 of 1st period - Shot Blocked by Eric Staal.
7:20 of 1st period - Shot by Curtis Glencross.
7:20 of 1st period - Goal by Curtis Glencross - Senators : 3 - Hurricanes : 1.
7:21 of 1st period - Derick Brassard wins face-off versus Chris Kelly in neutral zone.
8:15 of 1st period - Minor Penalty to Rick Nash for High sticking.
8:16 of 1st period - Erik Cole wins face-off versus Chris Kelly in Senators zone.
8:42 of 1st period - Shot by Eric Staal.
8:42 of 1st period - Shot Blocked by Jay Bouwmeester.
8:44 of 1st period - Shot by Ryan Wilson.
8:44 of 1st period - Stopped by Niklas Backstrom without a rebound.
8:45 of 1st period - Derick Brassard wins face-off versus Curtis Glencross in Senators zone.
9:06 of 1st period - Shot by Derick Brassard.
9:06 of 1st period - Stopped by Niklas Backstrom with a rebound.
9:14 of 1st period - Ryan Wilson is hit by David Steckel and loses puck.
9:49 of 1st period - Shot by Eric Staal.
9:49 of 1st period - Shot Misses the Net.
9:53 of 1st period - Shot by Jarome Iginla.
9:53 of 1st period - Stopped by Niklas Backstrom without a rebound.
9:54 of 1st period - Chris Kelly wins face-off versus Eric Staal in Senators zone.
11:03 of 1st period - Eric Belanger is hit by Rick Nash and loses puck.
12:32 of 1st period - Shot by Curtis Glencross.
12:32 of 1st period - Stopped by Pascal Leclaire without a rebound.
12:33 of 1st period - Chris Kelly wins face-off versus Eric Staal in Hurricanes zone.
12:59 of 1st period - Minor Penalty to Karlis Skrastins for Boarding.
13:00 of 1st period - Chris Kelly wins face-off versus Eric Belanger in Senators zone.
13:06 of 1st period - Icing by Andy Greene.
13:07 of 1st period - Curtis Glencross wins face-off versus Eric Belanger in Hurricanes zone.
13:27 of 1st period - Off-side.
13:28 of 1st period - Eric Staal wins face-off versus Chris Kelly in neutral zone.
13:31 of 1st period - Shot by Johnny Oduya.
13:31 of 1st period - Shot Misses the Net.
13:43 of 1st period - Shot by Eric Staal.
13:43 of 1st period - Shot Blocked by David Steckel.
13:49 of 1st period - Shot by Jed Ortmeyer.
13:49 of 1st period - Shot Misses the Net.
13:51 of 1st period - Shot by Brett Carson.
13:51 of 1st period - Shot Misses the Net.
13:53 of 1st period - Shot by Johnny Oduya.
13:53 of 1st period - Stopped by Niklas Backstrom without a rebound.
13:54 of 1st period - Eric Belanger wins face-off versus Chris Kelly in Senators zone.
13:57 of 1st period - Shot by Jamie Benn.
13:57 of 1st period - Shot Misses the Net.
13:59 of 1st period - Shot by Ryan Wilson.
13:59 of 1st period - Stopped by Niklas Backstrom with a rebound.
14:01 of 1st period - Shot by Eric Belanger.
14:01 of 1st period - Shot Misses the Net.
14:03 of 1st period - Shot by Andy Greene.
14:03 of 1st period - Stopped by Niklas Backstrom without a rebound.
14:04 of 1st period - Eric Staal wins face-off versus David Steckel in Senators zone.
14:09 of 1st period - Shot by Jarome Iginla.
14:09 of 1st period - Shot Misses the Net.
14:13 of 1st period - Shot by Jarome Iginla.
14:13 of 1st period - Shot Blocked by Curtis Glencross.
17:39 of 1st period - Rick Nash is hit by Ryan Wilson and loses puck.
17:42 of 1st period - Shot by Rick Nash.
17:42 of 1st period - Shot Misses the Net.
17:46 of 1st period - Shot by Jason Spezza.
17:46 of 1st period - Stopped by Pascal Leclaire without a rebound.
17:47 of 1st period - Derick Brassard wins face-off versus Sidney Crosby in Hurricanes zone.
17:47 of 1st period - Minor Penalty to James Neal for Hooking.
17:48 of 1st period - Eric Staal wins face-off versus David Steckel in Senators zone.
17:50 of 1st period - Jarome Iginla is hit by Tobias Enstrom and loses puck.
19:29 of 1st period - Shot by Jere Lehtinen.
19:29 of 1st period - Stopped by Niklas Backstrom with a rebound.
19:45 of 1st period - Shot by Chris Kelly.
19:45 of 1st period - Shot Misses the Net.
19:49 of 1st period - Shot by Patrick Dwyer.
19:49 of 1st period - Stopped by Pascal Leclaire without a rebound.
19:50 of 1st period - Sidney Crosby wins face-off versus Eric Belanger in Hurricanes zone.
19:51 of 1st period - Shot by Chris Stewart.
19:51 of 1st period - Deflect By Sidney Crosby.
19:51 of 1st period - Shot Misses the Net.

Period #2

0:01 of 2nd period - Derick Brassard wins face-off versus Sidney Crosby in neutral zone.
0:14 of 2nd period - Jarome Iginla is hit by James Neal and loses puck.
0:19 of 2nd period - Shot by Sidney Crosby.
0:19 of 2nd period - Stopped by Pascal Leclaire without a rebound.
0:20 of 2nd period - Jason Spezza wins face-off versus Eric Staal in Hurricanes zone.
0:33 of 2nd period - Shot by Rick Nash.
0:33 of 2nd period - Stopped by Pascal Leclaire without a rebound.
0:34 of 2nd period - Curtis Glencross wins face-off versus Eric Belanger in Hurricanes zone.
0:35 of 2nd period - Shot by Devin Setoguchi.
0:35 of 2nd period - Shot Misses the Net.
0:37 of 2nd period - Shot by David Steckel.
0:37 of 2nd period - Shot Misses the Net.
0:41 of 2nd period - Shot by David Steckel.
0:41 of 2nd period - Stopped by Pascal Leclaire without a rebound.
0:42 of 2nd period - Derick Brassard wins face-off versus Sidney Crosby in Hurricanes zone.
2:59 of 2nd period - Minor Penalty to Jamie Benn for Tripping.
3:00 of 2nd period - Chris Stewart wins face-off versus Eric Belanger in Hurricanes zone.
3:45 of 2nd period - Off-side.
3:46 of 2nd period - Jason Spezza wins face-off versus Erik Cole in neutral zone.
3:46 of 2nd period - Jason Spezza is hit by Erik Cole.
4:08 of 2nd period - Shot by Milan Michalek.
4:08 of 2nd period - Stopped by Pascal Leclaire without a rebound.
4:09 of 2nd period - Sidney Crosby wins face-off versus Eric Staal in Hurricanes zone.
4:22 of 2nd period - Shot by Chris Kelly.
4:22 of 2nd period - Shot Misses the Net.
5:04 of 2nd period - Karlis Skrastins is hit by Andy Greene and loses puck.
5:18 of 2nd period - Patrick Dwyer is hit by Ryan Wilson and loses puck.
5:24 of 2nd period - Icing by Ryan Wilson.
5:25 of 2nd period - David Steckel wins face-off versus Eric Staal in Hurricanes zone.
5:25 of 2nd period - David Steckel is hit by Ryan Wilson.
5:29 of 2nd period - Shot by Curtis Glencross.
5:29 of 2nd period - Stopped by Pascal Leclaire without a rebound.
5:30 of 2nd period - Eric Belanger wins face-off versus Jason Spezza in Hurricanes zone.
5:30 of 2nd period - Eric Belanger is hit by Chris Stewart.
5:50 of 2nd period - Shot by James Neal.
5:50 of 2nd period - Shot Misses the Net.
5:52 of 2nd period - Shot by James Neal.
5:52 of 2nd period - Stopped by Pascal Leclaire without a rebound.
5:53 of 2nd period - Eric Staal wins face-off versus David Steckel in Hurricanes zone.
5:55 of 2nd period - Erik Cole is hit by Devin Setoguchi and loses puck.
6:15 of 2nd period - Off-side.
6:16 of 2nd period - Jason Spezza wins face-off versus Derick Brassard in neutral zone.
6:18 of 2nd period - Minor Penalty to Brett Carson for Holding.
6:19 of 2nd period - Eric Belanger wins face-off versus Sidney Crosby in Hurricanes zone.
6:19 of 2nd period - Eric Belanger is hit by James Neal.
7:40 of 2nd period - Shot by Jason Spezza.
7:40 of 2nd period - Shot Misses the Net.
7:44 of 2nd period - Shot by Rick Nash.
7:44 of 2nd period - Stopped by Pascal Leclaire without a rebound.
7:45 of 2nd period - James Neal wins face-off versus Erik Cole in Hurricanes zone.
7:46 of 2nd period - Shot by Sidney Crosby.
7:46 of 2nd period - Stopped by Pascal Leclaire with a rebound.
7:48 of 2nd period - Shot by Filip Kuba.
7:48 of 2nd period - Stopped by Pascal Leclaire with a rebound.
7:52 of 2nd period - Shot by Sidney Crosby.
7:52 of 2nd period - Stopped by Pascal Leclaire without a rebound.
7:53 of 2nd period - Erik Cole wins face-off versus Jason Spezza in Hurricanes zone.
7:53 of 2nd period - Erik Cole is hit by Milan Michalek.
8:22 of 2nd period - Shot by David Steckel.
8:22 of 2nd period - Shot Misses the Net.
8:26 of 2nd period - Shot by David Steckel.
8:26 of 2nd period - Deflect By Curtis Glencross.
8:26 of 2nd period - Stopped by Pascal Leclaire without a rebound.
8:27 of 2nd period - Derick Brassard wins face-off versus Chris Kelly in Hurricanes zone.
8:27 of 2nd period - Derick Brassard is hit by Daniel Carcillo.
8:53 of 2nd period - Pierre-Marc Bouchard is hit by Daniel Carcillo and loses puck.
9:03 of 2nd period - Icing by Karlis Skrastins.
9:04 of 2nd period - Eric Staal wins face-off versus Chris Kelly in Senators zone.
9:04 of 2nd period - Jamie Benn is hit by Karlis Skrastins and loses puck.
11:23 of 2nd period - Shot by Devin Setoguchi.
11:23 of 2nd period - Shot Misses the Net.
12:40 of 2nd period - Shot by Karlis Skrastins.
12:40 of 2nd period - Shot Misses the Net.
12:42 of 2nd period - Shot by Chris Kelly.
12:42 of 2nd period - Deflect By Daniel Carcillo.
12:42 of 2nd period - Stopped by Pascal Leclaire with a rebound.
12:44 of 2nd period - Shot by Chris Kelly.
12:44 of 2nd period - Shot Misses the Net.
12:48 of 2nd period - Shot by Chris Kelly.
12:48 of 2nd period - Shot Misses the Net.
12:50 of 2nd period - Shot by Karlis Skrastins.
12:50 of 2nd period - Stopped by Pascal Leclaire with a rebound.
12:54 of 2nd period - Shot by Daniel Carcillo.
12:54 of 2nd period - Stopped by Pascal Leclaire with a rebound.
13:32 of 2nd period - Shot by Sidney Crosby.
13:32 of 2nd period - Deflect By Chris Stewart.
13:32 of 2nd period - Shot Misses the Net.
13:34 of 2nd period - Shot by Anton Volchenkov.
13:34 of 2nd period - Stopped by Pascal Leclaire without a rebound.
13:35 of 2nd period - Jason Spezza wins face-off versus Derick Brassard in Hurricanes zone.
13:40 of 2nd period - Shot by Rick Nash.
13:40 of 2nd period - Shot Misses the Net.
13:42 of 2nd period - Shot by Jay Bouwmeester.
13:42 of 2nd period - Stopped by Pascal Leclaire without a rebound.
13:43 of 2nd period - David Steckel wins face-off versus Pierre-Marc Bouchard in Hurricanes zone.
14:32 of 2nd period - Shot by Chris Kelly.
14:32 of 2nd period - Shot Blocked by Brent Sopel.
14:54 of 2nd period - Shot by Chris Kelly.
14:54 of 2nd period - Shot Blocked by Derick Brassard.
15:04 of 2nd period - Anton Volchenkov is hit by Jarome Iginla and loses puck.
15:13 of 2nd period - Brent Sopel is hit by James Neal and loses puck.
15:20 of 2nd period - Shot by Chris Stewart.
15:20 of 2nd period - Stopped by Pascal Leclaire without a rebound.
15:21 of 2nd period - Mikhail Grabovski wins face-off versus Jason Spezza in Hurricanes zone.
15:21 of 2nd period - Mikhail Grabovski is hit by Rick Nash.
15:28 of 2nd period - Andy Greene is hit by Filip Kuba and loses puck.
15:42 of 2nd period - Icing by Andy Greene.
15:43 of 2nd period - David Steckel wins face-off versus Mikhail Grabovski in Hurricanes zone.
15:46 of 2nd period - Shot by Curtis Glencross.
15:46 of 2nd period - Stopped by Pascal Leclaire with a rebound.
15:59 of 2nd period - Icing by Karlis Skrastins.
16:00 of 2nd period - Jere Lehtinen wins face-off versus David Steckel in Senators zone.
16:00 of 2nd period - Eric Staal is hit by Karlis Skrastins and loses puck.
16:26 of 2nd period - Eric Belanger is hit by Karlis Skrastins and loses puck.
16:55 of 2nd period - Shot by Erik Cole.
16:55 of 2nd period - Shot Misses the Net.
16:57 of 2nd period - Shot by Scott Walker.
16:57 of 2nd period - Shot Misses the Net.
16:59 of 2nd period - Shot by Mikhail Grabovski.
16:59 of 2nd period - Shot Misses the Net.
17:01 of 2nd period - Shot by Scott Walker.
17:01 of 2nd period - Shot Misses the Net.
17:03 of 2nd period - Shot by Jamie Benn.
17:03 of 2nd period - Shot Misses the Net.
17:31 of 2nd period - Jay Bouwmeester is hit by Jamie Benn and loses puck.
17:39 of 2nd period - Icing by Jay Bouwmeester.
17:40 of 2nd period - Derick Brassard wins face-off versus Jason Spezza in Senators zone.
17:50 of 2nd period - Jarome Iginla is hit by Filip Kuba and loses puck.
17:58 of 2nd period - Derick Brassard is hit by Jay Bouwmeester and loses puck.
18:09 of 2nd period - Shot by Jarome Iginla.
18:09 of 2nd period - Stopped by Niklas Backstrom without a rebound.
18:10 of 2nd period - Eric Belanger wins face-off versus Chris Kelly in Senators zone.
18:40 of 2nd period - Icing by Mikhail Grabovski.
18:41 of 2nd period - Sidney Crosby wins face-off versus Eric Belanger in Hurricanes zone.
18:42 of 2nd period - Shot by Chris Stewart.
18:42 of 2nd period - Shot Misses the Net.
19:10 of 2nd period - Shot by Chris Stewart.
19:10 of 2nd period - Stopped by Pascal Leclaire without a rebound.
19:11 of 2nd period - Derick Brassard wins face-off versus Jason Spezza in Hurricanes zone.
19:28 of 2nd period - Shot by Derick Brassard.
19:28 of 2nd period - Shot Blocked by Jason Spezza.
19:30 of 2nd period - Shot by Erik Cole.
19:30 of 2nd period - Shot Misses the Net.
19:34 of 2nd period - Shot by Erik Cole.
19:34 of 2nd period - Stopped by Niklas Backstrom without a rebound.
19:35 of 2nd period - David Steckel wins face-off versus Jere Lehtinen in Senators zone.

Period #3

0:01 of 3rd period - Derick Brassard wins face-off versus Sidney Crosby in neutral zone.
0:06 of 3rd period - Shot by Derick Brassard.
0:06 of 3rd period - Stopped by Niklas Backstrom without a rebound.
0:07 of 3rd period - Jason Spezza wins face-off versus Eric Staal in Senators zone.
0:28 of 3rd period - Shot by Eric Staal.
0:28 of 3rd period - Stopped by Niklas Backstrom without a rebound.
0:29 of 3rd period - Pierre-Marc Bouchard wins face-off versus Sidney Crosby in Senators zone.
0:46 of 3rd period - Shot by Jarome Iginla.
0:46 of 3rd period - Shot Misses the Net.
1:12 of 3rd period - Shot by Sidney Crosby.
1:12 of 3rd period - Stopped by Pascal Leclaire without a rebound.
1:13 of 3rd period - Jason Spezza wins face-off versus Eric Staal in Hurricanes zone.
1:21 of 3rd period - Shot by Rick Nash.
1:21 of 3rd period - Stopped by Pascal Leclaire without a rebound.
1:22 of 3rd period - David Steckel wins face-off versus Eric Belanger in Hurricanes zone.
1:45 of 3rd period - Shot by Eric Belanger.
1:45 of 3rd period - Shot Hit the Post.
2:19 of 3rd period - Devin Setoguchi is hit by Erik Cole and loses puck.
2:34 of 3rd period - Shot by Erik Cole.
2:34 of 3rd period - Stopped by Niklas Backstrom without a rebound.
2:35 of 3rd period - Sidney Crosby wins face-off versus Derick Brassard in Senators zone.
2:46 of 3rd period - Shot by Sidney Crosby.
2:46 of 3rd period - Stopped by Pascal Leclaire without a rebound.
2:47 of 3rd period - Jason Spezza wins face-off versus Derick Brassard in Hurricanes zone.
2:47 of 3rd period - Jason Spezza is hit by Brett Carson.
2:50 of 3rd period - Minor Penalty to Milan Michalek for Hooking.
2:51 of 3rd period - Eric Staal wins face-off versus Chris Kelly in Senators zone.
3:11 of 3rd period - Shot by Jarome Iginla.
3:11 of 3rd period - Shot Blocked by Chris Kelly.
3:15 of 3rd period - Shot by Pierre-Marc Bouchard.
3:15 of 3rd period - Goal by Pierre-Marc Bouchard - Senators : 3 - Hurricanes : 2.
3:16 of 3rd period - Eric Belanger wins face-off versus Jason Spezza in neutral zone.
3:39 of 3rd period - Jed Ortmeyer is hit by Filip Kuba and loses puck.
4:28 of 3rd period - Shot by Erik Cole.
4:28 of 3rd period - Shot Misses the Net.
4:31 of 3rd period - Icing by Anton Volchenkov.
4:32 of 3rd period - Derick Brassard wins face-off versus Sidney Crosby in Senators zone.
4:35 of 3rd period - Shot by Jarome Iginla.
4:35 of 3rd period - Shot Blocked by Anton Volchenkov.
4:47 of 3rd period - Shot by James Neal.
4:47 of 3rd period - Shot Misses the Net.
4:49 of 3rd period - Shot by Anton Volchenkov.
4:49 of 3rd period - Stopped by Pascal Leclaire without a rebound.
4:50 of 3rd period - David Steckel wins face-off versus Mikhail Grabovski in Hurricanes zone.
5:04 of 3rd period - Minor Penalty to Jarome Iginla for Boarding.
5:05 of 3rd period - Jason Spezza wins face-off versus Eric Belanger in Hurricanes zone.
5:57 of 3rd period - Shot by Chris Stewart.
5:57 of 3rd period - Goal by Chris Stewart - Senators : 4 - Hurricanes : 2.
5:58 of 3rd period - David Steckel wins face-off versus Eric Staal in neutral zone.
6:17 of 3rd period - Andy Greene is hit by Devin Setoguchi and loses puck.
6:24 of 3rd period - Shot by Curtis Glencross.
6:24 of 3rd period - Stopped by Pascal Leclaire without a rebound.
6:25 of 3rd period - Derick Brassard wins face-off versus Chris Kelly in Hurricanes zone.
7:25 of 3rd period - Icing by Mathieu Roy.
7:26 of 3rd period - Derick Brassard wins face-off versus Jason Spezza in Hurricanes zone.
7:26 of 3rd period - Mathieu Roy is hit by Milan Michalek.
7:50 of 3rd period - Jamie Benn is hit by Rick Nash.
7:53 of 3rd period - Minor Penalty to Jay Bouwmeester for Interference.
7:54 of 3rd period - Eric Staal wins face-off versus Chris Kelly in Senators zone.
8:09 of 3rd period - Shot by Jamie Benn.
8:09 of 3rd period - Shot Misses the Net.
8:13 of 3rd period - Shot by Erik Cole.
8:13 of 3rd period - Shot Misses the Net.
8:49 of 3rd period - Shot by Jed Ortmeyer.
8:49 of 3rd period - Shot Misses the Net.
8:51 of 3rd period - Shot by Jarome Iginla.
8:51 of 3rd period - Stopped by Niklas Backstrom without a rebound.
8:52 of 3rd period - David Steckel wins face-off versus Derick Brassard in Senators zone.
9:17 of 3rd period - Shot by Andy Greene.
9:17 of 3rd period - Stopped by Niklas Backstrom with a rebound.
9:21 of 3rd period - Shot by Andy Greene.
9:21 of 3rd period - Stopped by Niklas Backstrom without a rebound.
9:22 of 3rd period - Eric Staal wins face-off versus Chris Kelly in Senators zone.
9:37 of 3rd period - Shot by Jarome Iginla.
9:37 of 3rd period - Shot Blocked by Tobias Enstrom.
9:41 of 3rd period - Shot by Pierre-Marc Bouchard.
9:41 of 3rd period - Shot Blocked by Anton Volchenkov.
9:51 of 3rd period - Shot by Eric Staal.
9:51 of 3rd period - Shot Misses the Net.
9:53 of 3rd period - Shot by Eric Staal.
9:53 of 3rd period - Deflect By Jere Lehtinen.
9:53 of 3rd period - Shot Hit the Post.
9:58 of 3rd period - Milan Michalek is hit by Johnny Oduya and loses puck.
10:07 of 3rd period - Shot by Rick Nash.
10:07 of 3rd period - Stopped by Pascal Leclaire without a rebound.
10:08 of 3rd period - Jason Spezza wins face-off versus Eric Belanger in Hurricanes zone.
10:15 of 3rd period - Shot by Rick Nash.
10:15 of 3rd period - Stopped by Pascal Leclaire without a rebound.
10:16 of 3rd period - Eric Belanger wins face-off versus Devin Setoguchi in Hurricanes zone.
10:34 of 3rd period - Icing by David Steckel.
10:35 of 3rd period - David Steckel wins face-off versus Derick Brassard in Senators zone.
10:43 of 3rd period - Icing by Brent Sopel.
10:44 of 3rd period - Rick Nash wins face-off versus Derick Brassard in Hurricanes zone.
12:02 of 3rd period - Filip Kuba is hit by Jamie Benn and loses puck.
12:23 of 3rd period - Shot by Jed Ortmeyer.
12:23 of 3rd period - Shot Misses the Net.
12:46 of 3rd period - Shot by Jed Ortmeyer.
12:46 of 3rd period - Stopped by Niklas Backstrom without a rebound.
12:47 of 3rd period - Sidney Crosby wins face-off versus Derick Brassard in Senators zone.
13:10 of 3rd period - Shot by Sidney Crosby.
13:10 of 3rd period - Stopped by Pascal Leclaire without a rebound.
13:11 of 3rd period - David Steckel wins face-off versus Eric Staal in Hurricanes zone.
13:18 of 3rd period - Shot by Devin Setoguchi.
13:18 of 3rd period - Shot Blocked by Andy Greene.
13:20 of 3rd period - Shot by David Steckel.
13:20 of 3rd period - Shot Misses the Net.
14:02 of 3rd period - Off-side.
14:03 of 3rd period - Sidney Crosby wins face-off versus Jere Lehtinen in neutral zone.
14:20 of 3rd period - Shot by Sidney Crosby.
14:20 of 3rd period - Shot Misses the Net.
14:43 of 3rd period - Shot by James Neal.
14:43 of 3rd period - Shot Misses the Net.
14:55 of 3rd period - Shot by Chris Kelly.
14:55 of 3rd period - Shot Misses the Net.
14:59 of 3rd period - Shot by Chris Kelly.
14:59 of 3rd period - Deflect By Daniel Carcillo.
14:59 of 3rd period - Shot Blocked by Mathieu Roy.
15:01 of 3rd period - Shot by Chris Kelly.
15:01 of 3rd period - Stopped by Pascal Leclaire without a rebound.
15:02 of 3rd period - Derick Brassard wins face-off versus Chris Kelly in Hurricanes zone.
15:47 of 3rd period - Pierre-Marc Bouchard is hit by Milan Michalek and loses puck.
15:51 of 3rd period - Icing by Pierre-Marc Bouchard.
15:52 of 3rd period - Jason Spezza wins face-off versus Derick Brassard in Hurricanes zone.
15:55 of 3rd period - Shot by Anton Volchenkov.
15:55 of 3rd period - Shot Blocked by Brent Sopel.
16:03 of 3rd period - Icing by Rick Nash.
16:04 of 3rd period - Jason Spezza wins face-off versus Eric Staal in Senators zone.
16:06 of 3rd period - Minor Penalty to Erik Cole for Holding.
16:07 of 3rd period - Eric Belanger wins face-off versus Sidney Crosby in Hurricanes zone.
16:07 of 3rd period - Eric Belanger is hit by Chris Stewart.
16:39 of 3rd period - Shot by Sidney Crosby.
16:39 of 3rd period - Shot Misses the Net.
17:12 of 3rd period - Icing by Jason Spezza.
17:13 of 3rd period - Jason Spezza wins face-off versus Eric Staal in Senators zone.
17:45 of 3rd period - Off-side.
17:46 of 3rd period - James Neal wins face-off versus Eric Staal in neutral zone.
18:42 of 3rd period - Icing by Kurt Sauer.
18:43 of 3rd period - David Steckel wins face-off versus Derick Brassard in Senators zone.


Output by the SimonT Hockey Simulator (STHS) for Stephane Roy -- Original Page W3C XHTML 1.0 Valid